AoeStats
← scoop

Fortress

510244427Analyzed
4v4 RM · 10h ago on Sep 30, 2026· 33m 2s· 8 players
Game mode
Random Map
Map size
Huge
Population
200
Speed
Normal
Resources
Standard
Victory
Conquest
Starting age
Dark Age
Ending age
Imperial Age
RankedLock teamsTeams togetherTeam positionsShared explorationLock speedFull tech treeHidden civsTurbo modeCheats
Victory
Defeat
🇺🇾 Georgians · Uruguay
1694
+15
🇺🇾 Bohemians · Uruguay
1592
+19
🇺🇾 Saxons · Uruguay
1544
+21
🇺🇾 Mongols · Uruguay
1523
+22
🇹🇷 Saxons · Türkiye
1726
-22
🇹🇷 Turks · Türkiye
1694
-21
🇻🇳 Goths · Vietnam
1598
-17
🇺🇸 Danes · United States
1598
-17
|FMG| twitch/JabsUY
6:56 Feudal Age
11:15 Castle Age
9:24 Double-Bit Axe
9:23 Horse Collar
10:51 Loom
12:59 Bow Saw
14:32 Wheelbarrow
16:00 Fervor
21:41 Imperial Age
21:17 Chemistry
21:45 Padded Archer Armor
32:54 Leather Archer Armor
|FMG| Nadie
7:35 Feudal Age
7:51 Feudal Age
9:26 Horse Collar
9:36 Double-Bit Axe
12:02 Castle Age
10:46 Gold Mining
13:56 Loom
14:48 Wheelbarrow
14:55 Squires
18:16 Town Watch
19:06 Scale Mail Armor
20:42 Chain Mail Armor
21:58 Forging
23:25 Iron Casting
26:38 Imperial Age
25:07 Bow Saw
24:59 Heavy Plow
26:05 Hand Cart
26:11 Man-at-Arms
26:46 Gambesons
27:50 Conscription
27:07 Shield Wall
28:19 Plate Mail Armor
27:10 Long Swordsman
28:44 Arson
28:42 Two-Handed Swordsman
30:22 Fletching
30:16 Champion
31:34 Bodkin Arrow
31:25 Pikeman
31:35 Elite Hearth Troop
32:18 Stone Mining
32:07 Halberdier
33:27 Hoardings
33:19 Ballistics
33:18 Town Patrol
|FMG| pablomac12
8:34 Feudal Age
12:18 Castle Age
10:08 Double-Bit Axe
11:37 Fletching
13:31 Bow Saw
13:24 Horse Collar
15:03 Wheelbarrow
16:05 Gold Mining
21:56 Imperial Age
20:38 Bodkin Arrow
21:13 Town Watch
21:15 Loom
21:55 Bloodlines
24:14 Chemistry
24:25 Ballistics
26:15 Conscription
26:14 Masonry
27:09 Bracer
30:08 Padded Archer Armor
33:44 Leather Archer Armor
FMG | Camilo
7:25 Feudal Age
11:19 Castle Age
9:25 Double-Bit Axe
9:31 Horse Collar
10:06 Double-Bit Axe
12:43 Bow Saw
13:11 Heavy Plow
15:40 Wheelbarrow
19:25 Hand Cart
19:27 Gold Mining
24:08 Imperial Age
22:35 Scale Barding Armor
22:47 Loom
23:13 Forging
23:21 Bloodlines
23:11 Husbandry
23:07 Town Watch
24:31 Chain Barding Armor
24:11 Cavalier
25:13 Stone Mining
26:09 Iron Casting
26:49 Plate Barding Armor
27:06 Light Cavalry
28:49 Blast Furnace
29:14 Guard Tower
29:15 Fletching
30:32 Keep
30:06 Svan Towers
30:22 Conscription
30:25 Bodkin Arrow
31:25 Bracer
31:46 Ballistics
31:12 Arrowslits
31:50 Ballistics
33:26 Chemistry
scoop
7:08 Feudal Age
10:55 Castle Age
9:10 Double-Bit Axe
9:42 Horse Collar
12:36 Bow Saw
13:47 Wheelbarrow
18:00 Heavy Plow
19:56 Hand Cart
19:28 Loom
24:37 Imperial Age
22:15 Squires
22:00 Arson
23:04 Scale Mail Armor
23:14 Forging
24:23 Chain Mail Armor
24:37 Ballistics
24:41 Onager
25:45 Conscription
25:59 Gold Mining
27:21 Siege Onager
30:41 Plate Mail Armor
30:47 Iron Casting
31:04 Siege Engineers
USTA
8:56 Feudal Age
9:47 Double-Bit Axe
9:42 Horse Collar
12:39 Castle Age
10:38 Gold Mining
15:50 Imperial Age
18:41 Padded Archer Armor
23:04 Bow Saw
22:54 Heavy Plow
30:05 Two-Man Saw
31:52 Wheelbarrow
31:02 Loom
32:01 Conscription
32:05 Leather Archer Armor
32:58 Heavy Plow
32:25 Elite Janissary
ChangT
7:09 Feudal Age
8:32 Double-Bit Axe
10:54 Castle Age
11:48 Bow Saw
13:01 Wheelbarrow
16:56 Loom
18:16 Pikeman
19:04 Town Watch
19:50 Squires
20:15 Scale Mail Armor
20:00 Horse Collar
22:00 Hand Cart
22:21 Heavy Plow
22:51 Anarchy
24:46 Chain Mail Armor
25:51 Forging
28:53 Iron Casting
33:07 Imperial Age
Kuş Bilge
7:36 Feudal Age
11:32 Castle Age
9:59 Double-Bit Axe
10:30 Horse Collar
13:54 Bow Saw
18:45 Heavy Plow
19:32 Wheelbarrow
19:56 Loom
24:23 Imperial Age
22:14 Man-at-Arms
22:55 Squires
22:40 Arson
22:35 Man-at-Arms
23:19 Squires
23:06 Arson
23:15 Gambesons
23:33 Scale Mail Armor
23:43 Forging
23:36 Gold Mining
23:11 Long Swordsman
24:24 Capped Ram
24:27 Two-Handed Swordsman
25:26 Chain Mail Armor
27:38 Iron Casting
27:29 Conscription
27:43 Shield Wall
29:02 Champion
31:08 Plate Mail Armor
Connection lost

Rejoining the realm…

Still unreachable

The connection could not be restored.

Session expired

The server has moved on; the page needs a fresh start.